 Dungeon Sprint DCSS version 0.18-a0-1435-gee79d65 (webtiles) character file.

11579 geek the Brawler (level 11, -8/119 HPs)
             Began as a Troll Monk on Feb 28, 2016.
             Was the Champion of Cheibriados.
             Mangled by an orc warrior
             ... wielding a +0 flail
              (34 damage)
             ... in the Dungeon (Sprint IX: "|||||||||||||||||||||||||||||").
             The game lasted 00:03:25 (1219 turns).

geek the Brawler (Troll Monk)                       Turns: 1219, Time: 00:03:25

Health: -8/119     AC:  5    Str: 42    XL:     11   Next: 51%
Magic:  16/16      EV: 21    Int: 24    God:    Cheibriados [******]
Gold:   686        SH:  0    Dex: 27    Spells: 0 memorised, 10 levels left

rFire  . . .     SeeInvis .       - Unarmed
rCold  . . .     Gourm    +     a - +0 robe
rNeg   . . .     Faith    .     (no shield)
rPois  .         Spirit   .     (helmet restricted)
rElec  .         Dismiss  .     (no cloak)
rCorr  .         Reflect  .     (gloves unavailable)
SustAt .         Harm     .     (boots unavailable)
MR     .....     NoTele   +     (no amulet)
Stlth  ++........               l - +3 ring of strength
                                k - +3 ring of intelligence

@: very slow, not resistant to hostile enchantments, unstealthy
A: unfitting armour, claws 3, fast metabolism 3, gourmand, regeneration 2,
shaggy fur 1, tough skin 2
a: Bend Time, Temporal Distortion, Slouch, Step From Time, Renounce Religion


You were in the Dungeon.
You worshipped Cheibriados.
Cheibriados was exalted by your worship.
You were not hungry.

You visited 1 branch You collected 686 gold pieces.

Inventory:

Armour
 a - a +0 robe (worn)
Jewellery
 k - a +3 ring of intelligence (left claw)
 l - a +3 ring of strength (right claw)
Wands
 j - a wand of lightning (5/15)
Scrolls
 g - 4 scrolls of remove curse
 h - 2 scrolls of blinking
 i - 2 scrolls of amnesia
 n - 4 scrolls of fear
 o - 2 scrolls of recharging
 p - 2 scrolls of enchant weapon
Potions
 c - 2 potions of might
 d - 3 potions of heal wounds
 e - 4 potions of curing
 f - 4 potions of magic
 m - a potion of brilliance
 q - 2 potions of ambrosia
Comestibles
 b - 14 bread rations
 r - 40 fruits
 s - 12 meat rations


   Skills:
 + Level 10.8 Fighting
 + Level 10.3 Dodging
 - Level 1.1 Stealth
 * Level 20.3 Unarmed Combat
 * Level 8.6 Invocations


You had 10 spell levels left.
You didn't know any spells.

Dungeon Overview and Level Annotations

Branches:
Dungeon (1/1)

Altars:
Cheibriados
Dithmenos
Elyvilon
Fedhas
Gozag
Kikubaaqudgha
Makhleb
Nemelex Xobeh
Okawaru
Pakellas
Qazlal
Ru
Sif Muna
Trog
Vehumet
Xom
Yredelemnul
Zin
The Shining One
Beogh
Jiyva
Lugonu

Shops:
D [%*[


Innate Abilities, Weirdness & Mutations

You are too large for most types of armour.
You have claws for hands.
Your metabolism is lightning-fast.
You like to eat raw meat.
You heal very quickly.
You are covered in fur (AC +1).
You have very tough skin (AC +2).


Message History

Found 50 gold pieces.
Unknown command.
An orc warrior comes into view. It is wielding an enchanted flail.
The orc warrior shouts!
The orc warrior picks up some gold.
There is an entrance to Ereavvay's Food Shoppe here.
The orc knight shouts!
There is an entrance to Kogenoq's Armour Emporium here.
Items here: $ ( )) [[ †† The orc knight roars a battlecry!
The orc warrior goes into a battle-frenzy!
An orc knight comes into view. It is wielding a dire flail.
Items here: $ )) [[ a mace; a chain mail; a halberd; a plate armour; 100 gold pieces The orc knight shouts!
The orc warrior hits you with a flail!
* * * LOW HITPOINT WARNING * * *
Items here: $ ( ))) [[ † The orc warrior hits you with a flail!!
You die...

▓▓▓▓▓▓▓▓▓▓▓▓▓▓▓▓▓▓▓▓▓▓▓▓▓▓▓▓▓▓
.'))))))......()@oo)o.∩.∩.∩$$o
▓▓▓▓▓▓▓▓▓▓▓▓▓▓▓▓▓▓▓▓▓▓▓▓▓▓▓▓▓▓▓▓▓
.................................
▓▓▓▓▓▓▓▓▓▓▓▓▓▓▓▓▓▓▓▓▓▓▓▓▓▓▓▓▓▓▓▓▓
.....'†††......'††÷......(..'..[[
▓▓▓▓▓▓▓▓▓▓▓▓▓▓▓▓▓▓▓▓▓▓▓▓▓▓▓▓▓▓▓▓▓
.................................
▓▓▓▓▓▓▓▓▓▓▓▓▓▓▓▓▓▓▓▓▓▓▓▓▓▓▓▓▓▓▓▓▓
_____________'..|)[[[..'))....(.)


You could see 2 orc knights and an orc warrior (frenzied).

Vanquished Creatures
  2 hydras (D)
  A death yak (D)
  An unseen horror (D)
  5 orc knights (D)
  A lindwurm (D)
  2 spiny frogs (D)
  A gargoyle (D)
  A rime drake (D)
  A komodo dragon (D)
  A polar bear (D)
  A two-headed ogre (D)
  A hippogriff (D)
  3 yaks (D)
  Grum (D)
  9 wolves (D)
  A warg (D)
  2 water moccasins (D)
  2 hell hounds (D)
  16 orc warriors (D)
  A phantom (D)
  2 centaurs (D)
  2 crocodiles (D)
  5 giant frogs (D)
  An orc wizard (D)
  4 orc priests (D)
  An iguana (D)
  A worker ant (D)
  An adder (D)
  A gnoll (D)
  A dart slug (D)
  A giant gecko (D)
  8 orcs (D)
  A bat skeleton (D)
  A bat zombie (D)
  A giant cockroach (D)
  A goblin (D)
  A kobold (D)
86 creatures vanquished.

Notes
Turn   | Place    | Note
--------------------------------------------------------------
     0 | D        | geek the Troll Monk began the quest for the Orb.
     0 | D        | Reached XP level 1. HP: 22/22 MP: 0/0
    13 | D        | Reached skill level 5 in Unarmed Combat
    17 | D        | Reached XP level 2. HP: 29/29 MP: 1/1
    62 | D        | Noticed a water moccasin
    62 | D        | Noticed a centaur
    62 | D        | Noticed a phantom
    72 | D        | Killed a water moccasin
    72 | D        | Reached skill level 8 in Unarmed Combat
    72 | D        | Reached XP level 3. HP: 15/39 MP: 2/2
    72 | D        | Reached XP level 4. HP: 18/48 MP: 3/3
    74 | D        | Killed a centaur
    74 | D        | Reached skill level 10 in Unarmed Combat
    74 | D        | Reached XP level 5. HP: 21/55 MP: 4/4
    77 | D        | Killed a phantom
    77 | D        | Reached skill level 5 in Fighting
    77 | D        | Reached skill level 11 in Unarmed Combat
    77 | D        | Reached XP level 6. HP: 24/66 MP: 5/5
    86 | D        | Found a glowing silver altar of Zin.
    86 | D        | Found a glowing golden altar of the Shining One.
    86 | D        | Found an ancient bone altar of Kikubaaqudgha.
    86 | D        | Found a basalt altar of Yredelemnul.
    86 | D        | Found a shimmering altar of Xom.
    86 | D        | Found a radiant altar of Vehumet.
    95 | D        | Found an iron altar of Okawaru.
   125 | D        | Found a burning altar of Makhleb.
   126 | D        | Found a deep blue altar of Sif Muna.
   127 | D        | Found a bloodstained altar of Trog.
   128 | D        | Found a sparkling altar of Nemelex Xobeh.
   129 | D        | Found a white marble altar of Elyvilon.
   130 | D        | Found a roughly hewn altar of Beogh.
   131 | D        | Found a viscous altar of Jiyva.
   132 | D        | Found a corrupted altar of Lugonu.
   133 | D        | Found a blossoming altar of Fedhas.
   134 | D        | Found a snail-covered altar of Cheibriados.
   135 | D        | Found a shadowy altar of Dithmenos.
   136 | D        | Found a stormy altar of Qazlal.
   137 | D        | Found an opulent altar of Gozag.
   138 | D        | Found a sacrificial altar of Ru.
   139 | D        | Found an oddly glowing altar of Pakellas.
   142 | D        | Became a worshipper of Cheibriados the Contemplative
   142 | D        | Reached * piety under Cheibriados
   142 | D        | Reached ** piety under Cheibriados
   180 | D        | Noticed a komodo dragon
   180 | D        | Noticed a two-headed ogre
   180 | D        | Noticed a yak
   184 | D        | Killed a komodo dragon
   184 | D        | Reached skill level 5 in Dodging
   184 | D        | Reached skill level 12 in Unarmed Combat
   184 | D        | Reached XP level 7. HP: 44/74 MP: 6/6
   189 | D        | Killed a two-headed ogre
   189 | D        | Reached *** piety under Cheibriados
   189 | D        | Reached skill level 13 in Unarmed Combat
   193 | D        | Killed a yak
   193 | D        | Reached skill level 14 in Unarmed Combat
   236 | D        | Noticed a yak
   236 | D        | Noticed a gargoyle
   236 | D        | Noticed a yak
   240 | D        | Reached **** piety under Cheibriados
   244 | D        | Killed a yak
   244 | D        | Reached skill level 1 in Invocations
   244 | D        | Reached XP level 8. HP: 79/84 MP: 6/8
   245 | D        | Killed an unseen horror
   245 | D        | Reached ***** piety under Cheibriados
   245 | D        | Reached skill level 15 in Unarmed Combat
   247 | D        | Killed a gargoyle
   250 | D        | Reached skill level 16 in Unarmed Combat
   250 | D        | Reached XP level 9. HP: 73/93 MP: 6/10
   388 | D        | Noticed a spiny frog
   388 | D        | Noticed an eight-headed hydra
   400 | D        | Killed a ten-headed hydra
   402 | D        | Killed a spiny frog
   402 | D        | Reached ****** piety under Cheibriados
   402 | D        | Reached skill level 17 in Unarmed Combat
   402 | D        | Reached skill level 5 in Invocations
   405 | D        | Noticed a spiny frog
   411 | D        | Killed a spiny frog
   493 | D        | Noticed a death yak
   493 | D        | Noticed a rime drake
   493 | D        | Noticed a polar bear
   494 | D        | Noticed a five-headed hydra
   499 | D        | Killed a death yak
   499 | D        | Reached skill level 18 in Unarmed Combat
   499 | D        | Reached XP level 10. HP: 88/106 MP: 13/13
   503 | D        | Noticed a lindwurm
   504 | D        | Killed a seven-headed hydra
   516 | D        | Killed a lindwurm
   630 | D        | Reached skill level 19 in Unarmed Combat
   730 | D        | Noticed Grum
   736 | D        | Killed Grum
   741 | D        | Reached skill level 10 in Fighting
   741 | D        | Reached XP level 11. HP: 87/117 MP: 15/15
  1063 | D        | Noticed an orc knight
  1071 | D        | Killed an orc knight
  1181 | D        | Found Kogenoq's Armour Emporium.
  1181 | D        | Noticed an orc knight
  1181 | D        | Noticed an orc knight
  1183 | D        | Noticed an orc knight
  1185 | D        | Killed an orc knight
  1186 | D        | Found Ereavvay's Food Shoppe.
  1187 | D        | Noticed an orc knight
  1188 | D        | Killed an orc knight
  1188 | D        | Reached skill level 10 in Dodging
  1188 | D        | Reached skill level 20 in Unarmed Combat
  1192 | D        | Killed an orc knight
  1194 | D        | Found Yxoax's Assorted Antiques.
  1202 | D        | Killed an orc knight
  1204 | D        | Found Healet Eche's Antique Armour Shoppe.
  1211 | D        | Noticed an orc knight
  1217 | D        | Noticed an orc knight
  1219 | D        | Mangled by an orc warrior

Vault maps used:
D:        linesprint

Skill      XL: |  1  2  3  4  5  6  7  8  9 10 11 |
---------------+----------------------------------+-----
Unarmed Combat | 5 8 10 11 12 14 16 18 19 20 | 20.3
Fighting       | 4 5 6 7 8 10 | 10.8
Dodging        | 3 4 5 6 8 9 10 | 10.3
Invocations    | 1 3 5 7 8 |  8.6
Stealth        | |  1.1

Action                   |  1- 3 |  4- 6 |  7- 9 | 10-12 || total
-------------------------+-------+-------+-------+-------++-------
Melee: Unarmed           |    21 |    10 |    51 |   108 ||   190
Invok: Slouch            |       |       |       |     1 ||     1
Evoke: Wand              |       |       |     2 |       ||     2
  Use: Potion            |     3 |     1 |       |     3 ||     7
 Stab: Invisible         |       |     2 |     4 |       ||     6
  Eat: Chunk             |       |       |     6 |     2 ||     8
